 Dungeon Crawl Stone Soup version 0.25.1-2-g60ff931df9 (webtiles) character file.

Game seed: 10617551282234249075

595 Johnny the Digger (level 6, -9/45 HPs)
             Began as a Demigod Earth Elementalist on Oct 26, 2020.
             Mangled by Pikel
             ... wielding a +0 whip of electrocution
              (18 damage)
             ... on level 5 of the Dungeon.
             The game lasted 00:02:49 (5788 turns).

Johnny the Digger (Demigod Earth Elementalist)      Turns: 5788, Time: 00:02:50

Health: -9/45      AC:  5    Str: 11    XL:     6   Next: 94%
Magic:  7/15       EV: 15    Int: 23    God:
Gold:   172        SH:  0    Dex: 16    Spells: 12/13 levels left

rFire    . . .     SeeInvis .   a - +0 dagger (elec)
rCold    . . .     Gourm    .   (no shield)
rNeg     . . .     Faith    .   j - +0 ring mail
rPois    .         Spirit   .   (no helmet)
rElec    .         Reflect  .   (no cloak)
rCorr    .         Harm     .   (no gloves)
MR       .....                  (no boots)
Stlth    +.........             (no amulet)
HPRegen  0.15/turn              h - +4 ring of evasion
MPRegen  0.14/turn              (no ring)

@: no status effects
A: high mp 1
a: no special abilities


You were on level 5 of the Dungeon.
You were very hungry.

You visited 2 branches of the dungeon, and saw 6 of its levels.

You collected 172 gold pieces.

Inventory:

Hand Weapons
 a - a +0 dagger of electrocution (weapon)
Missiles
 b - 83 stones (quivered)
Armour
 c - a +0 robe
 j - a +0 ring mail (worn)
Jewellery
 h - a +4 ring of evasion (left hand)
Wands
 g - a wand of disintegration (6)
Scrolls
 e - 2 scrolls of teleportation {unknown}
 i - a scroll of enchant armour {unknown}
 k - 3 scrolls of remove curse {unknown}
 l - a scroll of noise {unknown}
 m - a scroll of blinking {unknown}
 n - a scroll of amnesia {unknown}
 p - a scroll of random uselessness {unknown}
 q - 2 scrolls of identify {unknown}
Potions
 f - 2 potions of magic {unknown}
 o - 2 potions of invisibility {unknown}
 r - a potion of curing {unknown}
 s - a potion of lignification {unknown}
Comestibles
 d - 7 rations


   Skills:
 - Level 1.7 Dodging
 - Level 1.7 Stealth
 + Level 4.0 Spellcasting
   Level 0.8 Transmutations
 * Level 6.4 Earth Magic


You had 12 spell levels left.
You knew the following spells:

 Your Spells              Type           Power        Failure   Level  Hunger
a - Sandblast             Erth           ####..       1%          1    None

Your spell library contained the following spells:

 Spells                   Type           Power        Failure   Level  Hunger
 Passwall                 Tmut/Erth      ###.....     9%          2    #......
 Stone Arrow              Conj/Erth      ###...       21%         3    ##.....
 Sublimation of Blood     Necr           #.........   36%         2    #......
 Lee's Rapid Deconstruct  Erth           ####......   45%         5    ######.
 Petrify                  Tmut/Erth      ###.....     50%         4    ####...
 Ignite Poison            Fire/Tmut/Pois #.......     56%         3    ##.....
 Alistair's Intoxication  Tmut/Pois      #.......     99%         5    ######.
 Irradiate                Conj/Tmut      #.........   99%         5    ######.
 Eringya's Noxious Bog    Tmut/Pois      #.........   100%        6    #######


Dungeon Overview and Level Annotations

Branches:
Dungeon (5/15)             Temple (1/1) D:4

Annotations:
D:5 Pikel


Innate Abilities, Weirdness & Mutations

You have an increased reservoir of magic. (+10% MP)


Message History

Confirm with . or Enter, or press ? or * to list all spells.
Aiming: Sandblast (safe; 1% risk of failure)
Press: ? - help, Shift-Dir - straight line, f/p - Pikel
Aim: Pikel, wielding a +0 whip of electrocution and wearing a +0 robe The blast of sand hits Pikel!
Pikel is moderately wounded.
b - 84 stones Pikel hits you with a +0 whip of electrocution.
Casting: Sandblast (safe; 1% risk of failure)
Confirm with . or Enter, or press ? or * to list all spells.
Aiming: Sandblast (safe; 1% risk of failure)
Press: ? - help, Shift-Dir - straight line, f/p - Pikel
Aim: Pikel, wielding a +0 whip of electrocution and wearing a +0 robe (moderately wounded)
The blast of sand hits Pikel but does no damage.
Pikel is moderately wounded.
b - 83 stones Pikel hits you with a +0 whip of electrocution!
* * * LOW HITPOINT WARNING * * *
You are electrocuted!!
You die...

#.##.........# #.# ### #.#
#.##.........####.##########.#
#.##.........................#
...'........................>#
#.##.........###........###.##
#.##.........# #..#####.# #.#
#.##.........# #..#####.###.#
#.########+#.# #............#
... ..# #@######.##### ### #.#
#K# #.# #.# #p######..
#+#####pp.....#
.........####.# .........#
.....K...# ...p.....#
.........#


You could see Pikel and 3 slaves.

Vanquished Creatures
  A slave (D:5)
  A bullfrog (D:4)
  A scorpion (D:5)
  A hound (D:4)
  2 centaur skeletons (D:4)
  An orc wizard (D:4)
  Natasha (thrice) (D:3)
  An iguana (D:4)
  4 worker ants
  4 gnolls (D:4)
  2 adders (D:2)
  An ooze (D:2)
  An adder zombie (D:5)
  2 worms (D:2)
  A dart slug (D:1)
  3 leopard geckos
  11 orcs
  6 bats
  4 giant cockroaches
  11 goblins
  15 hobgoblins
  4 jackals
  A quokka (D:4)
  A ball python (D:3)
  6 kobolds
  A leopard gecko skeleton (D:4)
  7 rats
96 creatures vanquished.

Notes
Turn   | Place    | Note
-------+----------+-------------------------------------------
     0 | D:1      | Johnny the Demigod Earth Elementalist began the quest for
                  | the Orb.
     0 | D:1      | Reached XP level 1. HP: 14/14 MP: 5/5
   142 | D:1      | Reached skill level 3 in Earth Magic
   601 | D:1      | Reached XP level 2. HP: 20/20 MP: 7/7
  1577 | D:2      | Reached XP level 3. HP: 21/26 MP: 9/9
  2067 | D:2      | Reached skill level 4 in Earth Magic
  2337 | D:2      | Reached XP level 4. HP: 29/33 MP: 10/10
  2863 | D:3      | Found a hazy altar of Hepliaklqana.
  3206 | D:3      | Noticed Natasha
  3221 | D:3      | Killed Natasha
  3334 | D:3      | Reached XP level 5. HP: 33/38 MP: 12/12
  3450 | D:3      | Noticed Natasha
  3461 | D:3      | Killed Natasha
  3611 | D:3      | Noticed Natasha
  3623 | D:3      | Killed Natasha
  3623 | D:3      | Reached skill level 5 in Earth Magic
  3814 | D:3      | Found a glowing golden altar of the Shining One.
  4413 | D:4      | Reached XP level 6. HP: 27/45 MP: 10/14
  4801 | D:4      | Found a staircase to the Ecumenical Temple.
  4974 | D:4      | Reached skill level 6 in Earth Magic
  5444 | Temple   | Entered the Ecumenical Temple
  5475 | D:5      | Entered Level 5 of the Dungeon
  5773 | D:5      | Noticed Pikel
  5788 | D:5      | Mangled by Pikel

Illustrated notes

Levels and vault maps discovered:
D:1:      dpeg_arrival_chambers_temple_mockup, layout_basic,
          chequers_serial_rivers_micro_b
D:2:      layout_basic, guppyfry_early_orc_mine
D:3:      layout_loops_ring, lemuel_doored_altar,
          chequers_serial_rivers_micro_d, lemuel_statue_altar, uniq_natasha
D:4:      layout_gridville, minmay_temple_entry_offerings,
          serial_co_window_serial, co_window_corner_a,
          co_window_of_opportunity_a, co_window_corner_a,
          co_window_of_opportunity_a, co_window_paths_b,
          co_window_unsneaky_path_d, co_window_broadway_c, co_window_broadway_c,
          co_window_broadway_b, co_window_of_opportunity_c, co_window_corner_b,
          first_ration
D:5:      layout_basic, uniq_prince_ribbit1, uniq_pikel
Temple:   nicolae_temple_the_god_donut

Skill      XL: |  1  2  3  4  5  6 |
---------------+-------------------+-----
Earth Magic    | 3 4 5 6 |  6.4
Spellcasting   | 2 3 4 |  4.0
Dodging        | |  1.7
Stealth        | |  1.7
Transmutations | |  0.8

Action                   |  1- 3 |  4- 6 || total
-------------------------+-------+-------++-------
Melee: Dagger            |   151 |   142 ||   293
 Cast: Sandblast         |     5 |    46 ||    51
 Stab: Sleeping          |     4 |     1 ||     5
       Distracted        |       |     1 ||     1
  Eat: Chunk             |     5 |     9 ||    14
Armor: Robe              |    11 |       ||    11
       Ring mail         |    18 |    15 ||    33
Dodge: Dodged            |   107 |   130 ||   237
